[Event "Chess House GM-Tourney 2019"]
[Site "Aarhus"]
[Date "2019.02.09"]
[Round "1.1"]
[White "Bach, Matthias"]
[Black "Olsen, Filip Boe"]
[Result "1/2-1/2"]
[ECO "B14"]
[WhiteElo "2307"]
[BlackElo "2397"]
[Annotator "NA"]
[PlyCount "63"]
[EventDate "2019.02.09"]
[EventType "tourn"]
[EventCountry "DEN"]
[SourceTitle "playchess.com"]
[Source "ChessBase"]
[SourceQuality "1"]
[TimeControl "40/5400+30:1800+30"]

1. e4 c6 2. c4 d5 3. exd5 cxd5 4. d4 Nf6 5. Nc3 g6 6. Bg5 Bg7 {[%emt 0:01:08] B14: Caro-Kann: Panov-Botvinnik Attack with 5...e6 and 5...g6} 7. Qd2 (7. Nf3 O-O 8. Bxf6 exf6 9. Nxd5 Bg4 10. Be2 Nc6 11. O-O f5 12. Rc1 Bxf3 13. Bxf3 Nxd4 14. b4 Re8 15. Qd3 Qd7 {0-1 (32) Gogolev,A (2427)-Motylev,A (2675) Sochi 2017}) 7... Nc6 8. Rd1 $146 ({Predecessor:} 8. cxd5 Nxd5 9. Nf3 h6 10. Be3 Nxe3 11. fxe3 O-O 12. Be2 Qb6 13. O-O Rd8 14. Rac1 {0-1 (40) Sanduleac,V (2386)-Chetrari,N (2146) Eforie Nord 2015}) 8... Bg4 9. f3 Be6 10. Nge2 h6 11. Be3 dxc4 12. Nf4 Bd5 13. Ncxd5 Nxd5 14. Bxc4 Nxe3 15. Qxe3 Nxd4 16. O-O Qd6 17. Rfe1 O-O 18. Kh1 Rfd8 19. Qe4 e6 20. Nxg6 Rac8 21. Bd3 fxg6 22. Qxg6 Rc5 23. f4 Nf5 24. Bc2 Nd4 25. Bb3 Qf8 26. Bxe6+ Nxe6 27. Qxe6+ Kh8 28. Rxd8 Qxd8 29. Qf7 Qf6 30. Qxb7 $17 Qe6 31. Qb4 Bc3 32. Qb8+ 1/2-1/2

[Event "Chess House GM-Tourney 2019"]
[Site "Aarhus"]
[Date "2019.02.09"]
[Round "1.2"]
[White "Kollars, Dmitrij"]
[Black "Grivas, Efstratios"]
[Result "1/2-1/2"]
[ECO "B30"]
[WhiteElo "2567"]
[BlackElo "2413"]
[Annotator "ChessBase"]
[PlyCount "98"]
[EventDate "2019.02.09"]
[EventType "tourn"]
[EventCountry "DEN"]
[SourceTitle "playchess.com"]
[Source "ChessBase"]
[SourceQuality "1"]
[TimeControl "40/5400+30:1800+30"]

1. e4 c5 2. Nf3 Nc6 3. Bb5 d6 4. O-O Bd7 5. Re1 Nf6 6. c3 a6 7. Bc4 Bg4 8. d4 e6 9. d5 Bxf3 10. Qxf3 Ne5 11. Qe2 Nxc4 12. Qxc4 exd5 13. exd5+ Be7 14. Qe2 Qd7 15. Bd2 b5 16. a4 bxa4 17. c4 Ra7 18. Ra3 O-O 19. Re3 Bd8 20. Bc3 Rb7 21. Nd2 a3 22. bxa3 Qf5 23. Qd1 Qd7 24. h3 Re8 25. Rxe8+ Nxe8 26. Qg4 Kf8 27. Qe4 Qe7 28. Kf1 Qxe4 29. Nxe4 f5 30. Nd2 Bf6 31. Bxf6 Nxf6 32. Re6 Ne8 33. g4 fxg4 34. hxg4 Re7 35. f4 Rf7 36. f5 Nf6 37. Ne4 Nxe4 38. Rxe4 h5 39. Re6 hxg4 40. Kg2 Rxf5 41. Rxd6 Rf4 42. Rxa6 Rxc4 43. Rc6 Ke7 44. Kg3 Ra4 45. Rxc5 Rxa3+ 46. Kxg4 Kd6 47. Rb5 Rd3 48. Kf5 Rxd5+ 49. Rxd5+ Kxd5 {[%emt 0:00:07] Ke4+} 1/2-1/2

[Event "Chess House GM-Tourney 2019"]
[Site "Aarhus"]
[Date "2019.02.09"]
[Round "1.3"]
[White "Thybo, Jesper Sondergaard"]
[Black "Fries-Nielsen, Jens Ove"]
[Result "1/2-1/2"]
[ECO "E06"]
[WhiteElo "2517"]
[BlackElo "2371"]
[Annotator "RC"]
[PlyCount "100"]
[EventDate "2019.02.09"]
[EventType "tourn"]
[EventCountry "DEN"]
[SourceTitle "playchess.com"]
[Source "ChessBase"]
[SourceQuality "1"]
[TimeControl "40/5400+30:1800+30"]

1. d4 d5 2. c4 e6 3. Nf3 Nf6 4. g3 Be7 5. Bg2 O-O 6. O-O Na6 7. Nc3 c6 8. b3 b6 9. Bb2 Bb7 10. Qb1 c5 11. Rd1 Qb8 12. cxd5 exd5 13. Nh4 Rd8 14. Nf5 Bf8 15. Qc1 h6 16. Qe3 Re8 17. Qf3 Re6 18. Bh3 Qe8 19. Qf4 Rd8 20. e3 Nh7 21. Bg2 Nf6 22. Rac1 Kh7 23. dxc5 bxc5 24. Na4 g5 25. Qf3 Bc6 26. Qe2 Bb5 27. Qc2 Kg8 28. Qc3 Bxa4 29. bxa4 Nb4 30. Ra1 Qxa4 31. a3 d4 32. Qc4 Qc2 33. Qxc2 Nxc2 34. Rac1 d3 35. Bf1 c4 36. Nd4 Rb6 37. Nxc2 Rxb2 38. Nd4 Ne4 39. Rxc4 Nxf2 40. Ra1 Ng4 41. Nc6 Nxe3 42. Nxd8 Nxc4 43. Bxd3 Bc5+ 44. Kh1 Ne5 45. Be4 Ng4 46. Bg2 Nf2+ 47. Kg1 Nd3+ 48. Kh1 Nf2+ 49. Kg1 Ng4+ 50. Kh1 Nf2+ 1/2-1/2

[Event "Chess House GM-Tourney 2019"]
[Site "Aarhus"]
[Date "2019.02.09"]
[Round "1.4"]
[White "Kotronias, Vasilios"]
[Black "Bjerre, Jonas Buhl"]
[Result "0-1"]
[ECO "B94"]
[WhiteElo "2486"]
[BlackElo "2432"]
[Annotator "RC"]
[PlyCount "88"]
[EventDate "2019.02.09"]
[EventType "tourn"]
[EventCountry "DEN"]
[SourceTitle "playchess.com"]
[Source "ChessBase"]
[SourceQuality "1"]
[TimeControl "40/5400+30:1800+30"]

1. e4 c5 2. Nf3 d6 3. d4 cxd4 4. Nxd4 Nf6 5. Nc3 a6 6. Bg5 Nbd7 7. Qe2 b5 8. O-O-O Bb7 9. Bxf6 Nxf6 10. e5 dxe5 11. Ndxb5 Nd7 12. Na3 e6 13. Nc4 Qc7 14. h4 Be7 15. Rh3 O-O 16. g4 Rfd8 17. g5 a5 18. Nb5 Qc5 19. Ncd6 Bd5 20. Ne4 Qb4 21. Nec3 Bc6 22. a3 Qf4+ 23. Qe3 Bc5 24. Qxf4 exf4 25. Nd4 Bb7 26. Ncb5 Ne5 27. Rc3 Bb6 28. Be2 Rd7 29. Nf3 Rxd1+ 30. Bxd1 Ng4 31. Nd6 Bd5 32. Nc8 Bd8 33. Nd2 Nxf2 34. Bf3 f6 35. Bxd5 exd5 36. Nf3 Ne4 37. Rc6 fxg5 38. hxg5 Nxg5 39. Nxg5 Bxg5 40. Kd1 f3 41. Ke1 Bh4+ 42. Kf1 a4 43. Nd6 g6 44. c4 Rb8 0-1

[Event "Chess House GM-Tourney 2019"]
[Site "Aarhus"]
[Date "2019.02.10"]
[Round "2.2"]
[White "Grivas, Efstratios"]
[Black "Thybo, Jesper Sondergaard"]
[Result "1-0"]
[ECO "D38"]
[WhiteElo "2413"]
[BlackElo "2517"]
[Annotator "ChessBase"]
[PlyCount "91"]
[EventDate "2019.02.09"]
[EventType "tourn"]
[EventCountry "DEN"]
[SourceTitle "playchess.com"]
[Source "ChessBase"]
[SourceQuality "1"]
[TimeControl "40/5400+30:1800+30"]

1. d4 Nf6 2. c4 e6 3. Nf3 d5 4. Nc3 Bb4 5. cxd5 exd5 6. Bg5 h6 7. Bxf6 Qxf6 8. Qb3 Qb6 9. e3 c6 10. Bd3 O-O 11. O-O Bd6 12. Qc2 Nd7 13. Rab1 a5 14. e4 dxe4 15. Nxe4 Be7 16. Rfe1 Nf6 17. Bc4 Nd5 18. Nc3 Be6 19. Bxd5 cxd5 20. Qd3 Rfc8 21. Ne5 Qa6 22. Qf3 Qd6 23. Re2 Bf6 24. Rbe1 a4 25. a3 b5 26. Nxb5 Qb6 27. Qd3 Rab8 28. Nc3 Qa7 29. f4 g6 30. Kh1 Kg7 31. Rd2 Rb6 32. Qf3 Rcb8 33. Ree2 Qa5 34. h3 h5 35. Kh2 R8b7 36. g4 hxg4 37. hxg4 Rd6 38. Kg3 Rb8 39. Rh2 Kg8 40. f5 Bc8 41. fxg6 Bxe5+ 42. dxe5 Rxg6 43. Qh1 Rxg4+ 44. Kf3 Kf8 45. Rh8+ Ke7 46. Qh6 1-0

[Event "Chess House GM-Tourney 2019"]
[Site "Aarhus"]
[Date "2019.02.10"]
[Round "2.4"]
[White "Bjerre, Jonas Buhl"]
[Black "Zumsande, Martin"]
[Result "1-0"]
[ECO "C03"]
[WhiteElo "2432"]
[BlackElo "2492"]
[Annotator "ChessBase"]
[PlyCount "93"]
[EventDate "2019.02.09"]
[EventType "tourn"]
[EventCountry "DEN"]
[SourceTitle "playchess.com"]
[Source "ChessBase"]
[SourceQuality "1"]
[TimeControl "40/5400+30:1800+30"]

1. e4 e6 2. d4 d5 3. Nd2 Be7 4. e5 c5 5. c3 Nc6 6. Bd3 Bd7 7. Ne2 f6 8. f4 Qb6 9. Nf3 Nh6 10. O-O O-O 11. Kh1 cxd4 12. Nexd4 fxe5 13. Nxe5 Nxe5 14. fxe5 Rxf1+ 15. Qxf1 Rf8 16. Qe2 Nf5 17. Bxf5 exf5 18. Qf3 Kh8 19. Qxd5 Bc6 20. Qe6 Qd8 21. Qc4 Bd5 22. Qe2 Bc5 23. Nf3 Bc4 24. Qe1 Qb6 25. b3 Bf2 26. Be3 Bxe3 27. bxc4 f4 28. Rd1 h6 29. Qe2 Rd8 30. Rd5 Re8 31. Qc2 Qa6 32. Qb3 Rc8 33. h4 Qg6 34. Qxb7 Rg8 35. Rd1 Qc2 36. Qd5 Qxc3 37. e6 Qf6 38. Qd7 Bc5 39. Qf7 Rf8 40. Qxf6 Rxf6 41. Rd5 Be7 42. Nd4 Rf8 43. h5 Rc8 44. Nf5 Bf6 45. e7 Rb8 46. c5 Kg8 47. c6 1-0

[Event "Chess House GM-Tourney 2019"]
[Site "Aarhus"]
[Date "2019.02.16"]
[Round "8.2"]
[White "Kollars, Dmitrij"]
[Black "Bjerre, Jonas Buhl"]
[Result "1-0"]
[ECO "B23"]
[WhiteElo "2567"]
[BlackElo "2432"]
[Annotator "ChessBase"]
[PlyCount "181"]
[EventDate "2019.02.09"]
[EventType "tourn"]
[EventCountry "DEN"]
[SourceTitle "playchess.com"]
[Source "ChessBase"]
[SourceQuality "1"]
[TimeControl "40/5400+30:1800+30"]

1. e4 c5 2. Nc3 a6 3. g3 b5 4. Bg2 Bb7 5. d3 e6 6. f4 d5 7. f5 d4 8. fxe6 fxe6 9. Nce2 e5 10. Nf3 Bd6 11. c3 Nf6 12. cxd4 cxd4 13. O-O Nbd7 14. Nh4 O-O 15. Nf5 Nc5 16. b4 Na4 17. Qb3+ Kh8 18. Bg5 h6 19. Qe6 Bc8 20. Qxd6 Qxd6 21. Nxd6 hxg5 22. Nxd4 exd4 23. e5 Rb8 24. exf6 gxf6 25. Ne4 Kg7 26. Rac1 Kg6 27. Nxf6 Nc3 28. Nd5 Rxf1+ 29. Kxf1 Nxd5 30. Bxd5 Bf5 31. Rc6+ Kg7 32. Be4 Bxe4 33. dxe4 Re8 34. Ke2 Rxe4+ 35. Kd3 Re3+ 36. Kxd4 Ra3 37. Rc2 Kf6 38. g4 Ke6 39. Rf2 Kd6 40. Ke4 Ke6 41. Kd4 Kd6 42. Rd2 Ke6 43. Kc5 Ke5 44. Rf2 Ke4 45. Kb6 Ra4 46. h3 Rxb4 47. Kxa6 Rb1 48. Rf5 Rb2 49. Rxg5 Rxa2+ 50. Kxb5 Rh2 51. Rh5 Kf4 52. g5 Kf5 53. h4 Rb2+ 54. Kc5 Rc2+ 55. Kd4 Rd2+ 56. Ke3 Ra2 57. Rh6 Rg2 58. Kf3 Rg1 59. Rf6+ Ke5 60. Ra6 Kf5 61. Ra8 Kg6 62. Rg8+ Kf5 63. Rf8+ Ke5 64. Rb8 Kf5 65. Rb5+ Kg6 66. Rb8 Kf5 67. Rf8+ Ke5 68. Ke3 Rg4 69. Re8+ Kf5 70. Rh8 Ke5 71. Kd3 Rg1 72. Rh6 Kf5 73. Kd4 Rd1+ 74. Kc5 Ra1 75. g6 Kf6 76. h5 Rc1+ 77. Kd4 Rd1+ 78. Ke3 Re1+ 79. Kf2 Re7 80. Rh8 Ra7 81. Ke3 Ra3+ 82. Kd4 Ra4+ 83. Kc5 Rg4 84. Rh7 Rg1 85. Kc6 Rc1+ 86. Kd7 Rd1+ 87. Ke8 Ra1 88. Rd7 Ra8+ 89. Rd8 Ra5 90. Kf8 Rxh5 91. g7 1-0

[Event "Chess House GM-Tourney 2019"]
[Site "Aarhus"]
[Date "2019.02.16"]
[Round "8.3"]
[White "Olsen, Filip Boe"]
[Black "Grivas, Efstratios"]
[Result "1-0"]
[ECO "A80"]
[WhiteElo "2397"]
[BlackElo "2413"]
[Annotator "ChessBase"]
[PlyCount "147"]
[EventDate "2019.02.09"]
[EventType "tourn"]
[EventCountry "DEN"]
[SourceTitle "playchess.com"]
[Source "ChessBase"]
[SourceQuality "1"]
[TimeControl "40/5400+30:1800+30"]

1. d4 f5 2. Nf3 Nf6 3. g3 g6 4. Bg2 Bg7 5. O-O O-O 6. b3 d6 7. Bb2 Ne4 8. Nbd2 Nc6 9. Ne1 Nxd2 10. Qxd2 Qe8 11. f4 e5 12. fxe5 dxe5 13. d5 Nd8 14. c4 Nf7 15. e4 fxe4 16. Bxe4 Bh6 17. Qe2 Ng5 18. Bg2 Nh3+ 19. Kh1 Bg4 20. Bf3 Rxf3 21. Nxf3 e4 22. Rae1 Ng5 23. Qe3 Bxf3+ 24. Rxf3 Nxf3 25. Qc3 Qe5 26. Qxe5 Nxe5 27. Bxe5 Rc8 28. Kg2 e3 29. Bf4 Bxf4 30. gxf4 c6 31. dxc6 Rxc6 32. Rxe3 Kf7 33. Kg3 Rd6 34. Re5 Rd3+ 35. Kg4 Rd2 36. Rb5 b6 37. a4 Rb2 38. h3 Kf6 39. Kf3 Ke6 40. Re5+ Kf6 41. Rb5 Ke6 42. Ke4 Kd6 43. h4 Kc6 44. a5 Re2+ 45. Kf3 Rh2 46. Kg3 Rh1 47. axb6 axb6 48. f5 Rb1 49. Kf4 Rg1 50. fxg6 Rxg6 51. Rg5 Rd6 52. Rb5 Rf6+ 53. Kg5 Rg6+ 54. Kf4 Rf6+ 55. Kg4 Rg6+ 56. Rg5 Re6 57. h5 Re3 58. Rb5 h6 59. Kf5 Rg3 60. Kf6 Kc7 61. Kf7 Kc6 62. Ke7 Rf3 63. Ke6 Kc7 64. Kd5 Rh3 65. Kd4 Kc6 66. b4 Rh4+ 67. Kc3 Rh3+ 68. Kc2 Rh2+ 69. Kb3 Rh3+ 70. Ka4 Rc3 71. Rf5 Rxc4 72. Rf6+ Kc7 73. Kb5 Rg4 74. Rc6+ 1-0

[Event "Chess House GM-Tourney 2019"]
[Site "Aarhus"]
[Date "2019.02.16"]
[Round "8.4"]
[White "Bach, Matthias"]
[Black "Fries-Nielsen, Jens Ove"]
[Result "1/2-1/2"]
[ECO "D37"]
[WhiteElo "2307"]
[BlackElo "2371"]
[Annotator "NA"]
[PlyCount "60"]
[EventDate "2019.02.09"]
[EventType "tourn"]
[EventCountry "DEN"]
[SourceTitle "playchess.com"]
[Source "ChessBase"]
[SourceQuality "1"]
[TimeControl "40/5400+30:1800+30"]

1. d4 Nf6 2. c4 e6 3. Nc3 d5 4. Nf3 Be7 5. g3 O-O 6. Bg2 Na6 7. O-O c6 8. a3 b6 9. Ne5 Bb7 10. e4 dxc4 11. Nxc4 b5 12. Ne3 Qb6 13. e5 Nd5 14. Ncxd5 cxd5 15. b3 Rac8 16. Bb2 Nb8 17. Qg4 Nc6 18. Rad1 b4 19. a4 Na5 20. f4 f5 21. exf6 Bxf6 22. f5 exf5 23. Rxf5 Qe6 24. Bxd5 Bxd5 25. Nxd5 Rcd8 26. Qf3 Bg5 27. Rxf8+ Rxf8 28. Nf4 Bxf4 29. gxf4 Qxb3 30. Qxb3+ Nxb3 1/2-1/2